 Dungeon Crawl Stone Soup version 0.18-a0-1350-g404b4cb (webtiles) character file.

26399 hellophilly the Blocker (level 13, -30/80 HPs)
             Began as a Gargoyle Fighter on Feb 18, 2016.
             Was a High Priest of Okawaru.
             Annihilated by an enormous slime creature (39 damage)
             ... on level 12 of the Dungeon.
             The game lasted 01:33:33 (9286 turns).

hellophilly the Blocker (Gargoyle Fighter)          Turns: 9286, Time: 01:33:33

Health: -30/80     AC: 32    Str: 21    XL:     13   Next: 25%
Magic:  16/16      EV:  6    Int: 11    God:    Okawaru [*****.]
Gold:   618        SH: 18    Dex: 11    Spells: 0 memorised, 16 levels left

rFire  . . .     SeeInvis .     w - +5 morningstar (protect)
rCold  . . .     Gourm    .     T - +0 plate armour
rNeg   + + +     Faith    .     n - +0 large shield
rPois  ∞         Spirit   .     P - +0 helmet
rElec  +         Dismiss  .     r - +0 cloak
rCorr  .         Reflect  .     x - +0 pair of gloves
SustAt .         Harm     .     (no boots)
MR     .....                    (no amulet)
Stlth  ..........               H - ring of positive energy
                                F - ring of positive energy

@: not resistant to hostile enchantments, extremely unstealthy
A: negative energy resistance 1, electricity resistance, unbreathing,
petrification resistance, rot immunity, AC +9
a: Heroism, Finesse, Renounce Religion


You were on level 12 of the Dungeon.
You worshipped Okawaru.
Okawaru was extremely pleased with you.
You were near starving.

You visited 2 branches of the dungeon, and saw 14 of its levels.
You also visited: Sewer and Ossuary.

You collected 618 gold pieces.

Inventory:

Hand Weapons
 d - a +2 flail of distortion
 g - a +4 dagger of chaos
 j - the +6 dagger of the Forest {pierce, rElec rN+ Dex+2, unknown}
   (You found it on level 6 of the Dungeon)

   It inflicts extra damage upon your enemies.
   It affects your dexterity (+2).
   It insulates you from electricity.
   It protects you from negative energy.
 m - a +2 spear of venom
 w - a +5 morningstar of protection (weapon)
 z - a +0 whip of freezing
 I - a +3 scimitar of flaming
Missiles
 S - a tomahawk (quivered)
 W - 5 tomahawks of returning
Armour
 c - a +0 shield
 n - a +0 large shield (worn)
 r - a +0 cloak (worn)
 x - a +0 pair of gloves (worn)
 P - a +0 helmet (worn)
 T - a +0 plate armour (worn)
Jewellery
 F - a ring of positive energy (left hand)
 H - a ring of positive energy (right hand)
Wands
 a - a wand of disintegration (12/24)
 D - a wand of polymorph (7/24)
 J - a wand of flame (48/48)
 N - a wand of slowing (8/48)
 Z - a wand of paralysis (8/24)
Scrolls
 h - 2 scrolls of teleportation
 q - a scroll of amnesia {unknown}
 y - a scroll of summoning
 B - 8 scrolls of remove curse
 C - a scroll of silence
 L - 3 scrolls of identify
Potions
 e - 2 potions of brilliance
 p - 2 potions of lignification
 t - a potion of invisibility
 v - a potion of ambrosia
 A - 2 potions of flight
 G - a potion of mutation {unknown}
 M - a potion of curing
 O - 2 potions of haste
 Q - 3 potions of degeneration
 U - 2 potions of magic
 V - 2 potions of agility
 X - a potion of cure mutation {unknown}
 Y - a potion of berserk rage
Books
 b - a book of Death

   Spells                             Type                      Level
   a - Corpse Rot                     Necromancy                   2
   b - Sublimation of Blood           Necromancy                   2
   c - Agony                          Necromancy                   5
   d - Dispel Undead                  Necromancy                   5
   e - Excruciating Wounds            Charms/Necromancy            5
   f - Bolt of Draining               Conjuration/Necromancy       5
 k - a book of Ice

   Spells                             Type                      Level
   a - Ice Form                       Ice/Transmutation            4
   b - Metabolic Englaciation         Hexes/Ice                    5
   c - Ozocubu's Refrigeration        Ice                          6
   d - Bolt of Cold                   Conjuration/Ice              6
   e - Freezing Cloud                 Conjuration/Ice/Air          6
   f - Simulacrum                     Ice/Necromancy               6
 s - a book of the Tempests

   Spells                             Type                      Level
   a - Static Discharge               Conjuration/Air              3
   b - Lightning Bolt                 Conjuration/Air              5
   c - Fireball                       Conjuration/Fire             5
   d - Tornado                        Air                          9
   e - Shatter                        Earth                        9
 E - a book of Party Tricks

   Spells                             Type                      Level
   a - Summon Butterflies             Summoning                    1
   b - Apportation                    Translocation                1
   c - Tukima's Dance                 Hexes                        3
   d - Alistair's Intoxication        Transmutation/Poison         5
   e - Invisibility                   Hexes                        6
 R - a book of Air

   Spells                             Type                      Level
   a - Shock                          Conjuration/Air              1
   b - Swiftness                      Charms/Air                   2
   c - Repel Missiles                 Charms/Air                   2
   d - Static Discharge               Conjuration/Air              3
   e - Lightning Bolt                 Conjuration/Air              5
Comestibles
 f - 5 bread rations
 i - 4 slices of pizza
 l - a royal jelly
 o - 3 meat rations
 u - 6 beef jerkies
 K - 7 fruits


   Skills:
 + Level 9.4 Fighting
 + Level 2.1(2.5) Short Blades
 + Level 2.1(2.6) Long Blades
 + Level 10.2(10.3) Maces & Flails
 + Level 2.3(2.8) Polearms
   Level 2.4(7.2) Staves
   Level 0.1(2.4) Slings
 + Level 4.0 Throwing
 + Level 9.1 Armour
 + Level 5.3 Dodging
 + Level 4.0 Stealth
 + Level 11.5 Shields
 + Level 2.4 Unarmed Combat
 + Level 2.2 Spellcasting
 + Level 2.9 Invocations
 + Level 2.1 Evocations


You had 16 spell levels left.
You didn't know any spells.

Dungeon Overview and Level Annotations

Branches:
Dungeon (13/15)            Temple (1/1) D:5            Lair (0/8) D:8
    Orc: D:9-12      Vaults: D:13-14

Altars:
Ashenzari
Cheibriados
Dithmenos
Elyvilon
Fedhas
Gozag
Kikubaaqudgha
Makhleb
Nemelex Xobeh
Okawaru
Pakellas
Qazlal
Ru
Sif Muna
Trog
Vehumet
Xom
Yredelemnul
Zin
The Shining One

Shops:
D:12 (


Innate Abilities, Weirdness & Mutations

You are resistant to torment.
Your stone body is resilient (AC +9).
You are immune to poison.
You resist negative energy.
You are resistant to electric shocks.
You can survive without breathing.
You are immune to petrification.
You are immune to rotting.


Message History

Two slime creatures merge to form an enormous slime creature.
A large slime creature splits.
You completely miss the enormous slime creature.
The enormous slime creature is lightly wounded.
You block the giant frog's attack. You block the slime creature's attack.
The slime creature hits you!
The enormous slime creature hits you but does no damage.
You puncture the enormous slime creature!
The enormous slime creature is lightly wounded.
The giant frog hits you but does no damage.
You block the giant frog's attack. You block the slime creature's attack.
You puncture the enormous slime creature!
The enormous slime creature is lightly wounded.
The slime creature hits you but does no damage.
The enormous slime creature hits you!!
* * * LOW HITPOINT WARNING * * *
You block the giant frog's attack.
The slime creature hits you but does no damage.
The enormous slime creature hits you!!!
You die...

...........###......# #.
.###.######...#.....## #.
.# #.# ##.#...⌠...# #.
.###.## ###.#.......#### #.
....... .........).....##
#.
####.########............##
## #
#..............#.......## #
# ###
######..FJ#.(.......######
# #.#J@Jh.............. #
#.####.>.......###### # #.#
##.......## # #.# ##.....##
#### # #.# ##...## #... #.#
##.## ##.## #)#
#.######.... #.#
#.##......## #.# .##.####.#


You could see an enormous slime creature, 2 slime creatures, a giant frog and a
hound.

Vanquished Creatures
  Erica (D:8)
  Urug (D:10)
  A hill giant (D:13)
  Pikel (D:7)
  A manticore (D:11)
  An ugly thing (D:12)
  A centaur zombie (D:12)
  A gargoyle (D:12)
  3 trolls
  Grinder (D:4)
  3 two-headed ogres
  A vampire (D:12)
  Eustachio (D:6)
  A hog (D:8)
  2 hungry ghosts
  Menkaure (D:6)
  Edmund (D:5)
  4 vampire mosquitoes (D:12)
  A sky beast (D:5)
  5 orc warriors
  2 black bears (D:9)
  5 ogres
  A phantom (D:8)
  A necrophage (D:6)
  2 centaurs
  A crocodile (Sewer)
  Blork the orc (D:6)
  2 big kobolds
  5 giant frogs
  4 water moccasin zombies (Ossuary)
  3 scorpions
  4 killer bees (D:11)
  2 wights (D:6)
  8 crimson imps
  A giant frog zombie (D:9)
  4 orc priests
  3 jellies
  Crazy Yiuf (D:2)
  3 centaur skeletons
  2 giant frog skeletons
  5 hounds
  3 iguanas
  9 orc wizards
  4 worker ants
  2 big kobold zombies (Ossuary)
  A hound skeleton (D:4)
  2 mummies (Ossuary)
  Robin (D:2)
  A worker ant zombie (D:8)
  7 gnolls (D:6)
  6 adders
  2 shadow imps
  An ooze (D:6)
  7 adder zombies
  2 adder skeletons
  2 worms
  7 giant geckos
  25 orcs
  13 bats
  6 giant cockroaches
  7 goblins
  11 hobgoblins
  9 jackals
  14 kobolds
  2 quokkas
  A ball python (D:2)
  A ball python zombie (D:5)
  A giant gecko skeleton (D:6)
  5 giant newts
  4 gnoll zombies (Ossuary)
  4 hobgoblin zombies (Ossuary)
  3 kobold zombies (Ossuary)
  6 orc zombies (Ossuary)
  A quokka skeleton (D:9)
  3 rats
  2 bushes (D:2)
267 creatures vanquished.

Vanquished Creatures (others)
  Psyche (D:8)
  A quokka (D:4)
2 creatures vanquished.

Grand Total: 269 creatures vanquished

Notes
Turn   | Place    | Note
--------------------------------------------------------------
     0 | D:1      | hellophilly the Gargoyle Fighter began the quest for the Orb.
     0 | D:1      | Reached XP level 1. HP: 14/14 MP: 1/1
   144 | D:1      | Reached XP level 2. HP: 16/19 MP: 2/2
   317 | D:2      | Found a glowing silver altar of Zin.
   423 | D:2      | Noticed Robin
   448 | D:2      | Killed Robin
   448 | D:2      | Reached skill level 4 in Shields
   448 | D:2      | Reached XP level 3. HP: 14/23 MP: 3/3
   527 | D:2      | Reached skill level 1 in Dodging
   692 | D:2      | Noticed Crazy Yiuf
   700 | D:2      | Killed Crazy Yiuf
   700 | D:2      | Reached XP level 4. HP: 21/28 MP: 0/4
   872 | D:3      | Reached XP level 5. HP: 16/32 MP: 5/5
  1061 | D:3      | Noticed an orc warrior
  1078 | D:3      | Killed an orc warrior
  1078 | D:3      | Reached XP level 6. HP: 10/38 MP: 6/6
  1283 | D:3      | Reached skill level 5 in Shields
  1826 | D:4      | Found a white marble altar of Elyvilon.
  1834 | D:4      | Became a worshipper of Elyvilon the Healer
  2062 | D:4      | Found a shimmering altar of Xom.
  2099 | D:4      | Noticed Grinder
  2104 | D:4      | Paralysed by Grinder for 6 turns
  2115 | D:4      | Paralysed by Grinder for 7 turns
  2124 | D:4      | Paralysed by Grinder for 3 turns
  2138 | D:4      | Killed Grinder
  2138 | D:4      | Reached XP level 7. HP: 18/44 MP: 7/7
  2548 | D:4      | Found a basalt altar of Yredelemnul.
  2675 | D:5      | Entered Level 5 of the Dungeon
  2725 | D:5      | Found a glowing drain.
  2729 | Sewer    | Entered a sewer
  2960 | D:5      | Reached skill level 5 in Armour
  2960 | D:5      | Reached skill level 6 in Shields
  2960 | D:5      | Reached XP level 8. HP: 21/48 MP: 8/8
  2995 | D:5      | Reached * piety under Elyvilon
  3182 | D:5      | Noticed Edmund
  3199 | D:5      | Elyvilon protects you from harm!
  3200 | D:5      | Found a staircase to the Ecumenical Temple.
  3439 | Temple   | Entered the Ecumenical Temple
  3556 | Temple   | Fell from the grace of Elyvilon
  3556 | Temple   | Became a worshipper of Warmaster Okawaru
  3771 | D:5      | HP: 1/48 [Edmund/flail of distortion (19)]
  4082 | D:5      | Killed Edmund
  4082 | D:5      | Reached skill level 5 in Fighting
  4082 | D:5      | Reached skill level 5 in Maces & Flails
  4082 | D:5      | Reached skill level 7 in Shields
  4236 | D:6      | Noticed Menkaure
  4254 | D:6      | Found a blossoming altar of Fedhas.
  4266 | D:6      | Killed Menkaure
  4350 | D:6      | Found a deep blue altar of Sif Muna.
  4414 | D:6      | Noticed Eustachio
  4414 | D:6      | Found a sand-covered staircase.
  4418 | Ossuary  | Entered an ossuary
  4498 | Ossuary  | Reached * piety under Okawaru
  4529 | Ossuary  | Reached XP level 9. HP: 54/54 MP: 9/9
  4691 | D:6      | Reached skill level 8 in Shields
  4748 | D:6      | Killed Eustachio
  5075 | D:6      | Noticed Blork the orc
  5093 | D:6      | Killed Blork the orc
  5185 | D:6      | Reached ** piety under Okawaru
  5240 | D:6      | Got an ancient dagger
  5946 | D:7      | Noticed Pikel
  5961 | D:7      | Killed Pikel
  5961 | D:7      | Reached *** piety under Okawaru
  5961 | D:7      | Reached skill level 1 in Throwing
  5961 | D:7      | Reached skill level 9 in Shields
  5961 | D:7      | Reached XP level 10. HP: 59/61 MP: 10/10
  6063 | D:8      | Noticed Erica
  6099 | D:8      | Killed Erica
  6224 | D:8      | Found a burning altar of Makhleb.
  6404 | D:8      | Noticed Psyche
  6416 | D:8      | Reached **** piety under Okawaru
  6431 | D:8      | Killed Psyche
  6699 | D:8      | Found a staircase to the Lair.
  6972 | D:8      | You fall through a shaft for 3 floors!
  6972 | D:11     | Noticed a manticore
  6996 | D:11     | Killed a manticore
  6996 | D:11     | Reached skill level 1 in Stealth
  7024 | D:11     | HP: 7/144 [killer bee (1)]
  7038 | D:11     | HP: 3/96 [orc warrior/glaive (4)]
  7039 | D:11     | Reached skill level 1 in Short Blades
  7039 | D:11     | Reached skill level 1 in Long Blades
  7039 | D:11     | Reached skill level 1 in Polearms
  7039 | D:11     | Reached skill level 1 in Staves
  7039 | D:11     | Reached skill level 10 in Shields
  7039 | D:11     | Reached skill level 1 in Unarmed Combat
  7039 | D:11     | Reached skill level 1 in Spellcasting
  7039 | D:11     | Reached skill level 1 in Evocations
  7039 | D:11     | Reached XP level 11. HP: 3/68 MP: 10/13
  7075 | D:11     | Noticed a hill giant
  7081 | D:10     | Entered Level 10 of the Dungeon
  7575 | D:9      | Found a radiant altar of Vehumet.
  7578 | D:9      | Found a stormy altar of Qazlal.
  8359 | D:10     | Reached XP level 12. HP: 67/75 MP: 14/14
  8395 | D:10     | Reached skill level 5 in Dodging
  8395 | D:10     | Reached XP level 13. HP: 78/80 MP: 14/16
  8467 | D:10     | Noticed Urug
  8496 | D:10     | Killed Urug
  8496 | D:10     | Reached skill level 11 in Shields
  8554 | D:10     | You fall through a shaft for 2 floors!
  8714 | D:12     | Reached ***** piety under Okawaru
  8734 | D:12     | Reached skill level 10 in Maces & Flails
  8856 | D:12     | Found Udghey Idyosi's Weapon Shoppe.
  9286 | D:12     | Annihilated by an enormous slime creature

Vault maps used:
D:1:      lightli_arrival_maybe_door_vault, corexii_leaking_fountain
D:2:      zin_treasury, uniq_crazy_yiuf_cottage, uniq_robin
D:3:      first_bread
D:4:      lemuel_crystal_altar, lemuel_doored_altar, elyvilon_altar_4,
          uniq_grinder
D:5:      minmay_opposing_rooms, minmay_temple_entry_butterflies,
          gup_sewer_entry_bowl, uniq_edmund
D:6:      marbit_many_paths, fedhas_altar_fruit_tree, enter_ossuary_5,
          serial_bayou_pond_e, sword_in_stone, uniq_menkaure, uniq_blork_the_orc
D:7:      minmay_flawed_box, grunt_ogre_cave, uniq_pikel
D:8:      minmay_lair_entry_lava, bloody_makhleb, uniq_psyche, uniq_joseph,
          uniq_erica
D:9:      grunt_temple_overflow_open, kennysheep_nondescript,
          minmay_joined_circles
D:10:     uniq_urug
D:11:     orc_0_dummy
D:12:     serial_shops, shop, solitary_fountain
D:13:     cheibrodos_orc_bank, hangedman_vaults_entry_quadrant_bands
Temple:   zaba_magenta_temple_12
Sewer:    sewer_big_baddie
Ossuary:  ossuary_tomb_2

Action                   |  1- 3 |  4- 6 |  7- 9 | 10-12 | 13-15 || total
-------------------------+-------+-------+-------+-------+-------++-------
Melee: Flail             |   265 |       |       |       |       ||   265
       Mace              |       |    28 |       |       |       ||    28
       Spear             |       |    22 |       |       |       ||    22
       Morningstar       |       |   145 |   587 |   267 |   146 ||  1145
 Fire: Hunting sling     |       |     1 |       |       |       ||     1
Throw: Tomahawk          |       |     2 |       |    10 |     1 ||    13
       Stone             |       |     1 |    11 |    16 |       ||    28
Invok: Heroism           |       |       |       |     2 |       ||     2
Evoke: Wand              |       |       |       |     1 |       ||     1
  Use: Potion            |       |     3 |     5 |    11 |       ||    19
       Scroll            |       |       |    11 |     5 |     3 ||    19
 Stab: Invisible         |       |       |       |     1 |       ||     1
  Eat: Chunk             |       |     2 |     4 |       |       ||     6
       Bread ration      |       |     1 |       |     3 |       ||     4
       Fruit             |       |       |     4 |     2 |       ||     6
       Meat ration       |       |       |     1 |     1 |       ||     2
       Beef jerky        |       |       |       |     1 |     1 ||     2
